 Dungeon Crawl Stone Soup version 0.29-a0-802-g34511f41fd (webtiles) character file.

Game seed: 3603678580460243685

10761 Spectrina the Fighter (level 11, -3/97 HPs)
             Began as a Human Monk on June 30, 2022.
             Was a High Priest of Jiyva.
             Slain by a five-headed hydra (6 damage)
             ... on level 12 of the Dungeon on July 3, 2022.
             The game lasted 00:54:13 (4226 turns).

Spectrina the Fighter (Human Monk)                  Turns: 4226, Time: 00:54:15

Health: -3/97      AC: 17    Str: 17    XL:     11   Next: 99%
Magic:  0/11       EV: 12    Int: 11    God:    Jiyva [*****.]
Gold:   222        SH:  0    Dex: 17    Spells: 10/10 levels left

rFire   + + +      SeeInvis .   a - +3 longbow (chaos)
rCold   . . .      Faith    .   (shield currently unavailable)
rNeg    . . .      Spirit   +   n - +3 ring mail
rPois   .          Reflect  .   (no helmet)
rElec   .          Harm     .   (no cloak)
rCorr   +          Rampage  .   x - +1 pair of gloves of the Rose {Regen+ Str+3}
Will    .....                   y - +2 pair of boots
Stlth   +++.......              W - amulet of guardian spirit
HPRegen 2.50/turn               t - +4 ring of slaying
MPRegen 0.57/turn               p - +4 ring of protection

@: calling ooze
A: fire resistance 3, wild magic 1, engulf
a: Renounce Religion, Oozemancy, Slimify


You were on level 12 of the Dungeon.
You worshipped Jiyva.
Jiyva was extremely pleased with you.
You visited 2 branches of the dungeon, and saw 13 of its levels.
You also visited: Bailey.

You collected 348 gold pieces.
You spent 126 gold pieces at shops.

Inventory:

Hand Weapons
 a - a +3 longbow of chaos (weapon)
 b - the +11 mace "Gadoamyzo" {vorpal, *Corrode rPois Dex+4}
   (You found it on level 7 of the Dungeon)

   It inflicts extra damage upon your enemies.
   Dex:       It affects your dexterity (+4).
   rPois:     It protects you from poison.
   *Corrode:  It may corrode you when you take damage.
 e - the +3 woodcutter's axe {vorpal}
   (You found it on level 5 of the Dungeon)

   It inflicts extra damage upon your enemies.
Armour
 j - a +2 robe of fire resistance
 n - a +3 ring mail (worn)
 x - the +1 pair of gloves of the Rose (worn) {Regen+ Str+3}
   (You found it on level 5 of the Dungeon)

   Str:       It affects your strength (+3).
   Regen:     It increases your rate of health regeneration.
 y - a +2 pair of boots (worn)
 R - a +2 chain mail of poison resistance
Magical Staves
 J - a staff of death
 T - a staff of conjuration
Jewellery
 f - a ring of protection from cold
 g - a ring of positive energy
 h - an amulet of magic regeneration
 p - a +4 ring of protection (right hand)
 t - a +4 ring of slaying (left hand)
 U - the ring of the Mage {Wiz Archmagi}
   (You found it on level 7 of the Dungeon)

   [ring of wizardry]

   It improves your spell success rate.
   Archmagi:  It increases the power of your magical spells.
 W - an amulet of guardian spirit (around neck)
 X - the ring "Ethrudd" {Ice Dex+3}
   (You found it on level 10 of the Dungeon)

   [ring of ice]

   It enhances your ice magic.
   Dex:       It affects your dexterity (+3).
   rF:        It makes you vulnerable to fire.
   rC:        It protects you from cold.
Wands
 k - a wand of paralysis (8)
 o - a wand of flame (19)
 P - a wand of polymorph (7)
Scrolls
 i - a scroll of fog
 q - 2 scrolls of silence
 r - a scroll of torment
 s - 2 scrolls of immolation
 B - 3 scrolls of noise {unknown}
 C - 2 scrolls of teleportation
 E - 2 scrolls of vulnerability
 G - 3 scrolls of blinking
 K - 4 scrolls of summoning
 L - 2 scrolls of enchant armour
 O - a scroll of magic mapping
Potions
 c - a potion of ambrosia
 d - 2 potions of haste
 v - 4 potions of might
 w - 3 potions of brilliance
 A - 3 potions of mutation
 D - a potion of heal wounds
 F - a potion of cancellation
 H - a potion of resistance {unknown}
 I - a potion of invisibility {unknown}
 N - a potion of lignification {unknown}
 V - a potion of curing {unknown}
 Y - a potion of attraction {unknown}
 Z - a potion of magic {unknown}
Miscellaneous
 Q - a box of beasts


   Skills:
 - Level 12.8 Fighting
 - Level 3.6 Axes
 + Level 12.5 Ranged Weapons
 - Level 3.0 Dodging
 - Level 8.0 Stealth
 - Level 2.5 Unarmed Combat


You had 10 spell levels left.
You didn't know any spells.
Your spell library contained the following spells:

 Spells                   Type           Power      Damage    Failure   Level
 Necrotise                Necr           0%         1d4       63%         1
 Poisonous Vapours        Pois/Air       0%         N/A       77%         2
 Static Discharge         Conj/Air       0%         3-3/arc   77%         2
 Confusing Touch          Hex            0%         N/A       93%         3
 Frozen Ramparts          Ice            0%         1d2       93%         3
 Gell's Gravitas          Tloc           0%         N/A       93%         3
 Ozocubu's Armour         Ice            0%         N/A       93%         3
 Teleport Other           Tloc           0%         N/A       93%         3
 Vampiric Draining        Necr           0%         2d6       93%         3
 Corpse Rot               Necr/Pois/Air  0%         N/A       100%        4
 Dispel Undead            Necr           0%         3d6       100%        4
 Ice Form                 Ice/Tmut       0%         N/A       100%        4
 Sticky Flame             Conj/Fire      0%         2d3       100%        4
 Summon Ice Beast         Ice/Summ       0%         N/A       100%        4
 Agony                    Necr           0%         N/A       100%        5
 Metabolic Englaciation   Hex/Ice        0%         N/A       100%        5
 Yara's Violent Unravell  Hex/Tmut       0%         3d3       100%        5
 Dispersal                Tloc           0%         N/A       100%        6
 Simulacrum               Ice/Necr       0%         N/A       100%        6
 Enfeeble                 Hex            0%         N/A       100%        7


Dungeon Overview and Level Annotations

Branches:
Dungeon (12/15)               Orc (1/2) D:9          Bailey (visited)
 Temple: D:4-7         Lair: D:8-11

Altars:
Dithmenos
Gozag
Kikubaaqudgha
Nemelex Xobeh
Sif Muna
Uskayaw
Vehumet
The Shining One
Jiyva

Shops:
D:1 !   D:6 [[(   D:9 (

Annotations:
D:3 2 runed translucent doors, samgaumpmail's ghost, amateur OpTm
D:11 Snorg


Innate Abilities, Weirdness & Mutations

Your flesh is almost immune to the effects of heat. (rF+++)
Your spells are a little harder to cast, but a little more powerful.
Your melee attacks may engulf your foes in ooze.


Message History

The five-headed hydra bites you! x2
The five-headed hydra closely misses you.
The five-headed hydra bites you.
The five-headed hydra barely misses you.
Fire: a) +3 longbow (chaos)
Press: ? - help, Q - select action, (/) - cycle Shift-Dir - straight line, f/p - cyclops
Aim: a cyclops, quivering large rocks (lightly wounded, 90% to hit)
You shoot an arrow. The arrow hits the five-headed hydra!
Space warps horribly around the five-headed hydra!
The five-headed hydra is heavily wounded.
The walls burn the five-headed hydra!
The five-headed hydra barely misses you. x2
The five-headed hydra bites you. x2
The five-headed hydra completely misses you.
The wall burns the cyclops!
The walls burn the five-headed hydra!
The five-headed hydra bites you.
The five-headed hydra bites you but does no damage.
The five-headed hydra bites you!!
The five-headed hydra closely misses you.
The five-headed hydra bites you but does no damage.
Unknown command.
Fire: a) +3 longbow (chaos)
Press: ? - help, Q - select action, (/) - cycle Shift-Dir - straight line You shoot an arrow.
The arrow hits the five-headed hydra!
The five-headed hydra is severely wounded.
The walls burn the five-headed hydra!
The five-headed hydra barely misses you.
The five-headed hydra bites you but does no damage.
The five-headed hydra barely misses you.
The five-headed hydra bites you!
* * * LOW HITPOINT WARNING * * *
The five-headed hydra bites you but does no damage.
The walls burn the five-headed hydra!
The five-headed hydra barely misses you.
The five-headed hydra bites you.
* * * LOW HITPOINT WARNING * * *
The five-headed hydra bites you!!
* * * LOW HITPOINT WARNING * * *
The five-headed hydra bites you!
You die...

.# #.##### ....... #..##.#
#.^##.# #.#
###.#########..##.## #.#
........@..........# #.#
.###.###D####...##..####.#
.....###C###.(...#)...##.#
..................#.#.##>#
.#######.#............##.#
#.#................
..C......#.......<...##.#
####.##.###......#.#.##.#
#. #..#..<............


You could see a five-headed hydra (berserk) and a cyclops.

Vanquished Creatures
  A hydra (D:12)
  A two-headed ogre (D:9)
  A deep elf pyromancer (D:7)
  An unseen horror (D:7)
  A kobold demonologist (D:11)
  4 trolls
  2 hornets
  5 yaks
  A basilisk (D:12)
  2 steam dragons
  Grum (D:10)
  2 vampire mosquitoes (D:7)
  2 acid dragons (D:7)
  2 water moccasins
  2 sky beasts
  2 ice beasts
  7 orc warriors
  A black bear (D:5)
  2 wolves (D:10)
  3 centaurs
  A phantom (D:6)
  Blork the orc (D:5)
  6 bullfrogs
  2 kobold brigands (D:7)
  4 scorpions
  A wight (D:7)
  9 killer bees
  5 electric eels (D:9)
  2 howler monkeys (D:6)
  3 hounds
  3 orc priests
  4 iguanas
  5 orc wizards
  4 adders
  A river rat (Bailey)
  3 ufetubi
  2 worms
  A dart slug (D:1)
  29 orcs
  4 giant cockroaches
  2 goblins
  6 hobgoblins
  2 jackals (D:2)
  4 quokkas
  6 ball pythons
  4 bats
  7 frilled lizards
  3 kobolds
  2 rats (D:1)
169 creatures vanquished.

Vanquished Creatures (collateral kills)
  A boulder beetle (D:6)
  An orc knight (Bailey)
  2 orc warriors (Bailey)
  2 orcs (Bailey)
6 creatures vanquished.

Vanquished Creatures (others)
  A wyvern (D:10)
  A water moccasin (D:8)
  A wolf (D:10)
  4 bullfrogs
  9 jellies
  An orc priest (D:8)
  An iguana (D:6)
  2 adders
  2 orcs
  An endoplasm (D:3)
  2 giant cockroaches
  3 goblins (D:7)
  A bat (D:2)
  2 frilled lizards
31 creatures vanquished.

Grand Total: 206 creatures vanquished

Notes
Turn   | Place    | Note
-------+----------+-------------------------------------------
     0 | D:1      | Spectrina the Human Monk began the quest for the Orb.
     0 | D:1      | Reached XP level 1. HP: 18/18 MP: 1/1
    26 | D:2      | Found a faded altar of an unknown god.
    40 | D:2      | Reached XP level 2. HP: 19/24 MP: 2/2
    54 | D:2      | Prayed at the altar of an unknown god.
    54 | D:2      | Became a worshipper of Jiyva Jeyp the Shapeless
    54 | D:2      | Reached * piety under Jiyva
    54 | D:2      | Reached ** piety under Jiyva
   188 | D:1      | Found Mizu's Distillery.
   214 | D:1      | Reached skill level 1 in Unarmed Combat
   226 | D:1      | Reached *** piety under Jiyva
   249 | D:1      | Gained mutation: You are agile. (Dex +4, Str/Int -1)
                  | [Jiyva's grace]
   249 | D:1      | Gained mutation: You are very agile. (Dex +8, Str/Int -2)
                  | [Jiyva's grace]
   249 | D:1      | Gained mutation: Your melee attacks may engulf your foes in
                  | ooze. [Jiyva's grace]
   249 | D:1      | Gained mutation: Your body has grown eyes which may confuse
                  | attackers. (Acc +3) [Jiyva's grace]
   258 | D:1      | Reached XP level 3. HP: 29/29 MP: 3/3
   493 | D:3      | Reached XP level 4. HP: 33/35 MP: 4/4
   502 | D:3      | Noticed a scorpion
   505 | D:3      | Upgraded the game from 0.29-a0-732-g3d7fbe0af2 to
                  | 0.29-a0-789-g7a8fcbc185
   508 | D:3      | Killed a scorpion
   509 | D:3      | Reached XP level 5. HP: 41/41 MP: 5/5
   545 | D:3      | Noticed a bullfrog
   546 | D:3      | Found a runed translucent door.
   546 | D:3      | Noticed samgaumpmail's ghost (amateur OpTm)
   564 | D:3      | Found a runed translucent door.
   665 | D:4      | Reached **** piety under Jiyva
   906 | D:5      | Entered Level 5 of the Dungeon
   969 | D:5      | Noticed a water moccasin
   971 | D:5      | Killed a water moccasin
   972 | D:5      | Reached XP level 6. HP: 47/47 MP: 6/6
   979 | D:5      | Noticed Blork the orc
   994 | D:5      | Killed Blork the orc
  1022 | D:5      | Noticed a black bear
  1029 | D:5      | Killed a black bear
  1030 | D:5      | Reached XP level 7. HP: 52/52 MP: 7/7
  1049 | D:5      | Identified the +1 pair of gloves of the Rose {Regen+ Str+3}
  1061 | D:5      | Found a glowing golden altar of the Shining One.
  1074 | D:5      | Reached skill level 5 in Ranged Weapons
  1089 | D:5      | Upgraded the game from 0.29-a0-789-g7a8fcbc185 to
                  | 0.29-a0-802-g34511f41fd
  1176 | D:5      | Found the +3 woodcutter's axe {vorpal}
  1313 | D:1      | Lost mutation: You are very agile. (Dex +8, Str/Int -2)
                  | [Jiyva's grace]
  1313 | D:1      | Lost mutation: Your body has grown eyes which may confuse
                  | attackers. (Acc +3) [Jiyva's grace]
  1313 | D:1      | Gained mutation: You have an increased reservoir of magic.
                  | (+10% MP) [Jiyva's grace]
  1313 | D:1      | Gained mutation: You have a considerably increased
                  | reservoir of magic. (+20% MP) [Jiyva's grace]
  1313 | D:1      | Gained mutation: You have a greatly increased reservoir of
                  | magic. (+30% MP) [Jiyva's grace]
  1313 | D:1      | Gained mutation: You are very agile. (Dex +8, Str/Int -2)
                  | [Jiyva's grace]
  1408 | D:1      | Bought a potion of heal wounds for 70 gold pieces
  1408 | D:1      | Bought a potion of might for 56 gold pieces
  1437 | D:1      | Reached ***** piety under Jiyva
  1564 | D:4      | Found a hide-covered altar of Uskayaw.
  1582 | D:4      | You fall into a shaft and drop 3 floors!
  1598 | D:6      | Found Deacish's Weapon Boutique.
  1651 | D:7      | Reached skill level 5 in Stealth
  1746 | D:7      | Found a flagged portal.
  1763 | Bailey   | Entered a bailey
  1859 | Bailey   | Reached XP level 8. HP: 58/58 MP: 10/10
  1898 | Bailey   | Reached XP level 9. HP: 84/84 MP: 11/11
  1903 | Bailey   | Noticed an orc knight
  1913 | Bailey   | Slimified an orc knight
  1913 | Bailey   | Noticed an acid blob
  1913 | Bailey   | an orc knight changed into an acid blob
  1922 | Bailey   | Noticed an orc knight
  1925 | Bailey   | Killed an orc knight
  2035 | D:7      | Identified the +11 mace "Gadoamyzo" {vorpal, *Corrode rPois
                  | Dex+4}
  2164 | D:6      | Noticed a boulder beetle
  2176 | D:6      | Killed a boulder beetle
  2177 | D:6      | Reached XP level 10. HP: 19/91 MP: 13/13
  2184 | D:6      | Found Urosu's Antique Armour Shop.
  2223 | D:6      | Found Mykhaed's Antique Armour Shoppe.
  2364 | D:6      | Found an ancient bone altar of Kikubaaqudgha.
  2624 | D:7      | Lost mutation: You are very agile. (Dex +8, Str/Int -2)
                  | [Jiyva's grace]
  2624 | D:7      | Lost mutation: You have a greatly increased reservoir of
                  | magic. (+30% MP) [Jiyva's grace]
  2624 | D:7      | Gained mutation: Your muscles are strong. (Str +4, Int/Dex
                  | -1) [Jiyva's grace]
  2624 | D:7      | Gained mutation: Your muscles are very strong. (Str +8,
                  | Int/Dex -2) [Jiyva's grace]
  2624 | D:7      | Gained mutation: You have a somewhat thin skeletal
                  | structure. (Dex +2, Stealth+) [Jiyva's grace]
  2624 | D:7      | Gained mutation: You have a moderately thin skeletal
                  | structure. (Dex +4, Stealth++) [Jiyva's grace]
  2770 | D:7      | Noticed a deep elf pyromancer
  2782 | D:7      | Reached XP level 11. HP: 89/97 MP: 13/13
  2783 | D:7      | Killed a deep elf pyromancer
  2842 | D:7      | Found the ring of the Mage {Wiz Archmagi}
  2992 | D:9      | Reached skill level 10 in Ranged Weapons
  3116 | D:8      | Found a sparkling altar of Nemelex Xobeh.
  3119 | D:8      | Found a radiant altar of Vehumet.
  3119 | D:8      | Found an opulent altar of Gozag.
  3127 | D:8      | Found a shimmering blue altar of Sif Muna.
  3129 | D:8      | Found a shadowy altar of Dithmenos.
  3275 | D:9      | Noticed a two-headed ogre
  3280 | D:9      | Killed a two-headed ogre
  3284 | D:10     | Entered Level 10 of the Dungeon
  3356 | D:9      | Found a staircase to the Orcish Mines.
  3378 | Orc:1    | Entered Level 1 of the Orcish Mines
  3378 | Orc:1    | Noticed a two-headed ogre
  3378 | Orc:1    | Noticed an orc sorcerer
  3383 | D:9      | Found Hyjooxti's Weapon Shoppe.
  3671 | D:10     | Identified the ring "Ethrudd" {Ice Dex+3}
  3698 | D:11     | Noticed Snorg
  3761 | D:10     | Reached ****** piety under Jiyva
  3992 | D:10     | Lost mutation: You have a moderately thin skeletal
                  | structure. (Dex +4, Stealth++) [Jiyva's grace]
  3992 | D:10     | Lost mutation: You have a somewhat thin skeletal structure.
                  | (Dex +2, Stealth+) [Jiyva's grace]
  3992 | D:10     | Lost mutation: You are agile. (Dex +4, Str/Int -1) [Jiyva's
                  | grace]
  3992 | D:10     | Lost mutation: You have a considerably increased reservoir
                  | of magic. (+20% MP) [Jiyva's grace]
  3992 | D:10     | Lost mutation: You have an increased reservoir of magic.
                  | (+10% MP) [Jiyva's grace]
  3992 | D:10     | Lost mutation: Your muscles are very strong. (Str +8,
                  | Int/Dex -2) [Jiyva's grace]
  3992 | D:10     | Lost mutation: Your muscles are strong. (Str +4, Int/Dex
                  | -1) [Jiyva's grace]
  3992 | D:10     | Gained mutation: Your flesh is heat resistant. (rF+)
                  | [Jiyva's grace]
  3992 | D:10     | Gained mutation: Your flesh is very heat resistant. (rF++)
                  | [Jiyva's grace]
  3992 | D:10     | Gained mutation: Your flesh is almost immune to the effects
                  | of heat. (rF+++) [Jiyva's grace]
  3992 | D:10     | Gained mutation: Your spells are a little harder to cast,
                  | but a little more powerful. [Jiyva's grace]
  4046 | D:10     | Noticed Grum
  4050 | D:10     | Killed Grum
  4128 | D:12     | Noticed a seven-headed hydra
  4162 | D:12     | Killed a seven-headed hydra
  4213 | D:12     | Noticed a cyclops
  4215 | D:12     | Noticed a five-headed hydra
  4226 | D:12     | HP: 3/97 [five-headed hydra (17)]
  4226 | D:12     | Slain by a five-headed hydra

Illustrated notes

Levels and vault maps discovered:
D:1:      minmay_arrival_four_houses, layout_basic, serial_shops, shop
D:2:      layout_basic, chequers_ecumenical_altar_island
D:3:      layout_rooms, ebering_ghost_sewer_f, minmay_misc_feat_x,
          minmay_randomly_rotated_circles, uniq_ijyb
D:4:      layout_gridville, kennysheep_little_box
D:5:      layout_loops_corners, mainiacjoe_overflow_brackets,
          minmay_temple_entry_mist, serial_co_window_serial, co_window_paths_b,
          co_window_paths_b, co_window_cross_1, co_window_corner_a,
          co_window_corner_a, co_window_of_opportunity_c, co_window_corner_b,
          co_window_broadway_c, co_window_corner_b, co_window_paths_d,
          co_window_4corner_b, glass_columns_a, glass_columns_a,
          glass_columns_a, glass_columns_a, glass_columns_b,
          amcnicky_mini_pool_medium, uniq_pikel, uniq_blork_the_orc
D:6:      layout_loops_ring, kiku_gazebo_pond_becter, serial_shops,
          nicolae_stop_n_shop_2, shop, shop_fountains, serial_glass,
          glass_columns_b, glass_columns_b, minmay_strange_pillars,
          amcnicky_mini_corridor_feature, minmay_manual_moon
D:7:      layout_basic, enter_bailey_5, minivault_26, minmay_the_grid_2x2
          [minmay_the_grid_broken_lines, minmay_the_grid_doors,
          minmay_the_grid_paths, minmay_the_grid_prize_trominoes]
D:8:      layout_loops_ring, minmay_overflow_temple_star_hex, dk_noncrumbling_4
D:9:      layout_basic, orc_0_dummy, serial_shops,
          nicolae_shop_bloodbath_and_beyond
D:10:     layout_grid_maze, serial_glass, glass_columns_b, glass_columns_a,
          glass_columns_b, glass_columns_b, glass_columns_a, glass_columns_a,
          uniq_grum
D:11:     layout_roguey, grunt_lair_entry_orc_guard_hut, serial_demonic,
          serial_demonic_e, serial_demonic_f, serial_demonic_a,
          serial_demonic_e, serial_demonic_e, serial_demonic_b, uniq_gastronok,
          uniq_snorg
D:12:     layout_loops_ring, uniq_rupert
Orc:1:    layout_caves

Skill      XL: |  1  2  3  4  5  6  7  8  9 10 11 |
---------------+----------------------------------+-----
Unarmed Combat | 1 2 |  2.5
Ranged Weapons | 2 4 5 6 7 9 12 | 12.5
Stealth        | 3 4 5 7 8 |  8.0
Fighting       | 12 | 12.8
Axes           | |  3.6
Dodging        | |  3.0

Action                   |  1- 3 |  4- 6 |  7- 9 | 10-12 || total
-------------------------+-------+-------+-------+-------++-------
Melee: Hand axe          |    84 |     1 |       |       ||    85
       Punch             |     2 |       |       |       ||     2
       Unarmed           |       |    10 |       |       ||    10
       Battleaxe         |       |       |    30 |    15 ||    45
       Mace              |       |       |       |    43 ||    43
 Fire: Longbow           |       |    34 |    92 |   133 ||   259
Invok: Oozemancy         |       |     1 |       |     2 ||     3
       Slimify           |       |       |     1 |       ||     1
Evoke: Wand              |       |       |     1 |       ||     1
  Use: Scroll            |       |     6 |    14 |     1 ||    21
       Potion            |       |       |     1 |       ||     1
 Stab: Confused          |     3 |       |       |       ||     3
       Sleeping          |     2 |       |       |     2 ||     4
       Paralysed         |       |       |       |     1 ||     1
Armor: Robe              |    13 |     2 |     5 |       ||    20
       Ring mail         |       |       |    10 |    59 ||    69
Dodge: Dodged            |    68 |    14 |    37 |    55 ||   174

Table legend: (Time is in decaauts)
 A = Elapsed time spent in this place.
 B = Non-inter-level travel time spent in this place.
 C = Inter-level travel time spent in this place.
 D = Time resting spent in this place.
 E = Time spent auto-exploring this place.
 F = Levels seen in this place.
 G = Mean time per level.
                   A        B        C        D        E       F      G
               +--------+--------+--------+--------+--------+-----+--------+
         Total |   4316 |   4111 |    205 |      0 |      0 |  14 |  308.3 |
       Dungeon |   4070 |   3865 |    205 |      0 |      0 |  12 |  339.2 |
  Orcish Mines |      1 |      1 |      0 |      0 |      0 |   1 |    1.0 |
        Bailey |    244 |    244 |      0 |      0 |      0 |   1 |  244.0 |
               +--------+--------+--------+--------+--------+-----+--------+

Top non-repeatable levels by time:
     D:7: 749 daAuts
    D:10: 491 daAuts
     D:6: 416 daAuts
     D:9: 415 daAuts
     D:5: 369 daAuts
     D:4: 330 daAuts
     D:1: 327 daAuts
     D:3: 316 daAuts
     D:2: 292 daAuts
  Bailey: 244 daAuts
     D:8: 213 daAuts
    D:12: 102 daAuts
    D:11: 44 daAuts
   Orc:1: 1 daAuts
